 Dungeon Crawl Stone Soup version 0.19.3-4-gbf9329e (webtiles) character file.

7375 doot the Unseen (level 11, -6/72 HPs)
             Began as an Octopode Assassin on Jan 29, 2017.
             Was a Follower of Sif Muna.
             Mangled by a komodo dragon (30 damage)
             ... on level 1 of the Lair of Beasts.
             The game lasted 01:06:05 (13129 turns).

doot the Unseen (Octopode Assassin)                Turns: 13129, Time: 01:06:06

Health: -6/72      AC:  1    Str: 12    XL:     11   Next: 14%
Magic:  11/11      EV: 16    Int: 17    God:    Sif Muna [*.....]
Gold:   108        SH:  0    Dex: 18    Spells: 0 memorised, 10 levels left

rFire  . . .     SeeInvis .     P - +4 long sword
rCold  . . .     Gourm    .     (no shield)
rNeg   . . .     Faith    .     (helmet restricted)
rPois  +         Spirit   .     (no amulet)
rElec  .         Reflect  .     S - ring of Qoughy {rPois Dex+2}
rCorr  .         Harm     .     (no ring)
MR     .....                    (no ring)
Stlth  +++++++...               (no ring)
                                (no ring)
                                (no ring)
                                (no ring)
                                (no ring)

@: no status effects
A: almost no armour, stealthy swim, amphibious, 8 rings, constrict 8, tentacle
spike 1, camouflage 1, blurry vision 1, clever 1, strong 1, wild magic 1,
gelatinous body 1
a: Divine Energy, Renounce Religion


You were on level 1 of the Lair of Beasts.
You worshipped Sif Muna.
Sif Muna was aware of your devotion.
You were hungry.

You visited 3 branches of the dungeon, and saw 12 of its levels.

You collected 576 gold pieces.
You spent 468 gold pieces at shops.

Inventory:

Hand Weapons
 a - a +5 short sword
 b - a +0 blowgun
 e - the +6 arbalest "Damnation" {damnation}
   (You found it on level 1 of the Lair of Beasts)
 w - a +2 dagger
 x - a +0 short sword of venom
 B - a +1 battleaxe of freezing
 E - a +6 spear
 L - a +0 morningstar of protection
 N - a +2 falchion of draining
 P - a +4 long sword (weapon)
Missiles
 c - 80 poisoned needles
 d - 2 curare-tipped needles
Armour
 G - a +0 shield
Rods
 D - a +1 iron rod (11/11)
   (You found it on level 5 of the Dungeon)
Jewellery
 o - an uncursed ring of fire
 S - the ring of Qoughy (left tentacle) {rPois Dex+2}
   (You bought it in a shop on level 10 of the Dungeon)

   [ring of poison resistance]

   It affects your dexterity (+2).
   It protects you from poison.
 W - a +4 ring of dexterity {unknown}
Wands
 n - a wand of confusion (43/48)
 v - a wand of paralysis (13/24)
 H - a wand of digging (7/24)
 M - a wand of confusion (19/48)
 O - a wand of teleportation (6/9)
 T - a wand of teleportation (4/9)
Scrolls
 g - 8 scrolls of identify
 h - 3 scrolls of fog
 i - 4 scrolls of enchant armour
 j - a scroll of magic mapping {unknown}
 k - 7 scrolls of teleportation
 l - 6 scrolls of amnesia
 q - 5 scrolls of remove curse
 u - 4 scrolls of noise
 y - a scroll of enchant weapon {unknown}
 F - 2 scrolls of immolation {unknown}
 I - 3 scrolls of recharging {unknown}
 K - 2 scrolls of fear {unknown}
 Q - 2 scrolls of blinking {unknown}
 R - a scroll of summoning {unknown}
Potions
 m - a potion of brilliance
 r - a potion of curing
 s - 2 potions of might {unknown}
 z - a potion of degeneration
 C - a potion of haste
 V - a potion of magic {unknown}
Books
 X - a book of Cantrips

   Spells                             Type                      Level
   a - Confusing Touch                Hexes                        1
   b - Animate Skeleton               Necromancy                   1
   c - Summon Small Mammal            Summoning                    1
   d - Apportation                    Translocation                1
Comestibles
 f - 10 bread rations
 p - 2 slices of pizza
 t - 8 meat rations


   Skills:
 + Level 5.2 Fighting
 * Level 9.3(9.6) Short Blades
 + Level 3.7(7.0) Long Blades
 + Level 4.5 Throwing
 + Level 4.5 Dodging
 * Level 15.6 Stealth
 + Level 0.7 Evocations


You had 10 spell levels left.
You didn't know any spells.

Dungeon Overview and Level Annotations

Branches:
Dungeon (10/15)            Temple (1/1) D:6            Lair (1/6) D:8
    Orc: D:9-12

Altars:
Ashenzari
Cheibriados
Dithmenos
Elyvilon
Fedhas
Gozag
Hepliaklqana
Kikubaaqudgha
Makhleb
Nemelex Xobeh
Okawaru
Qazlal
Ru
Sif Muna
Trog
Uskayaw
Vehumet
Xom
Yredelemnul
Zin
The Shining One

Shops:
D:4 !   D:10 *=(

Annotations:
D:8 Pikel


Innate Abilities, Weirdness & Mutations

You cannot wear most types of armour.
You are very stealthy in the water. (Stealth+)
You are amphibious.
You can wear up to eight rings at the same time.
You can use your tentacles to constrict eight enemies at once.
Your skin changes colour to match your surroundings (Stealth+).
Your rubbery body absorbs attacks. (AC +1, EV +1)
One of your tentacles bears a spike.
Scrolls take you a little longer to read.
Your mind is acute. (Int +2)
Your muscles are strong. (Str +2)
Your spells are a little harder to cast, but a little more powerful.


Message History

The komodo dragon is moderately wounded.
The komodo dragon bites you!
You hit the komodo dragon but do no damage.
Your tentacle spike misses the komodo dragon.
The komodo dragon is moderately wounded.
The komodo dragon misses you.
You barely miss the komodo dragon. Your squeeze misses the komodo dragon.
The komodo dragon is moderately wounded.
The komodo dragon bites you. The komodo dragon bites you!
* * * LOW HITPOINT WARNING * * *
Found a stone staircase leading down.
Found a scale mail.
The komodo dragon looks more healthy.
Found 15 poisoned needles and 9 gold pieces.
You see here a poisoned needle.
You barely miss the komodo dragon.
You pierce the komodo dragon, but do no damage.
The komodo dragon is severely wounded.
The komodo dragon bites you!!
You die...

.............
..##.P...#..............
#.....P........
##.............. .
.....%...#..... #$##
##......###.P#
(...##..P....>...#
.....##....(.....##
...........l@.....#
..........######(.#
.....##.### # #.P#
....###.###P####.##
.................# ###
................(###P########
.....P..#..###..............#
....#P..#### ###...P#.#..##.#
....##..# #..............


You could see a komodo dragon.

Vanquished Creatures
  A hydra (Lair:1)
  3 spiny frogs (Lair:1)
  A troll (D:10)
  4 blink frogs (Lair:1)
  A yak (D:8)
  A hungry ghost (D:9)
  Duvessa (D:6)
  2 porcupines (Lair:1)
  2 water moccasins
  An ice beast (D:9)
  3 orc warriors
  A phantom (D:10)
  5 sky beasts
  2 centaurs (D:9)
  6 ogres
  A big kobold (D:8)
  2 crocodiles
  4 bullfrogs
  A gnoll sergeant (D:9)
  A scorpion (D:9)
  Dowan (D:7)
  4 killer bees (D:7)
  5 wights
  A bullfrog zombie (D:7)
  3 crimson imps
  A centaur zombie (D:9)
  2 jellies
  3 orc priests
  5 hounds
  9 orc wizards
  A bullfrog skeleton (D:5)
  4 iguanas
  8 worker ants
  A hound skeleton (D:5)
  11 gnolls
  13 adders
  3 river rats (D:8)
  An ooze (D:1)
  2 adder skeletons
  3 worms
  6 dart slugs
  6 leopard geckos
  38 orcs
  A ball python (D:2)
  18 bats
  9 giant cockroaches
  8 goblins
  8 hobgoblins (D:1)
  2 jackals (D:8)
  9 kobolds
  4 quokkas
  6 frilled lizards
  A leopard gecko skeleton (D:5)
  A leopard gecko zombie (D:5)
  A quokka skeleton (D:6)
  A quokka zombie (D:6)
  11 rats
254 creatures vanquished.

Vanquished Creatures (others)
  A leopard gecko (D:4)
  5 fungi
  A plant (Lair:1)
7 creatures vanquished.

Grand Total: 261 creatures vanquished

Notes
Turn   | Place    | Note
-------+----------+-------------------------------------------
     0 | D:1      | doot the Octopode Assassin began the quest for the Orb.
     0 | D:1      | Reached XP level 1. HP: 14/14 MP: 1/1
   203 | D:1      | Reached skill level 6 in Stealth
   203 | D:1      | Reached XP level 2. HP: 19/19 MP: 2/2
   590 | D:1      | Reached XP level 3. HP: 24/24 MP: 3/3
   831 | D:1      | Reached skill level 7 in Stealth
  1112 | D:2      | Reached XP level 4. HP: 29/29 MP: 4/4
  1173 | D:2      | Found a faded altar of an unknown god.
  1623 | D:3      | Reached skill level 8 in Stealth
  1743 | D:3      | Reached XP level 5. HP: 33/34 MP: 5/5
  2797 | D:4      | Reached XP level 6. HP: 32/40 MP: 6/6
  3059 | D:4      | Reached skill level 9 in Stealth
  3387 | D:4      | Found a white marble altar of Elyvilon.
  3399 | D:4      | Found Sinoenid's Distillery.
  3582 | D:4      | Reached XP level 7. HP: 45/45 MP: 7/7
  4090 | D:5      | Entered Level 5 of the Dungeon
  4819 | D:5      | Reached skill level 5 in Short Blades
  5026 | D:6      | Gained mutation: Your muscles are strong. (Str +2) [mutagenic meat]
  5132 | D:6      | Reached XP level 8. HP: 52/52 MP: 8/8
  5370 | D:6      | Reached skill level 10 in Stealth
  5749 | D:6      | Found a staircase to the Ecumenical Temple.
  5763 | Temple   | Entered the Ecumenical Temple
  5862 | Temple   | Became a worshipper of Sif Muna the Loreminder
  6054 | D:7      | Found a basalt altar of Yredelemnul.
  6443 | D:7      | Reached skill level 11 in Stealth
  6819 | D:7      | Noticed Duvessa
  6861 | D:7      | Found a glowing golden altar of the Shining One.
  6910 | D:7      | Noticed Dowan
  6913 | D:7      | Killed Dowan
  6925 | D:6      | Killed Duvessa
  6925 | D:6      | Reached XP level 9. HP: 28/58 MP: 9/9
  7892 | D:7      | Reached skill level 12 in Stealth
  9093 | D:8      | Reached skill level 1 in Long Blades
  9102 | D:8      | Found a staircase to the Lair.
  9146 | D:8      | Noticed Pikel
  9824 | D:8      | Reached * piety under Sif Muna
  9829 | D:8      | Found a snail-covered altar of Cheibriados.
  9867 | D:9      | Reached skill level 13 in Stealth
  9884 | D:9      | Reached XP level 10. HP: 65/65 MP: 10/10
  9895 | D:9      | Gained mutation: Your spells are a little harder to cast, but a little more powerful. [mutagenic meat]
 10171 | D:9      | Gained mutation: Scrolls take you a little longer to read. [mutagenic meat]
 10172 | D:9      | Gained mutation: Your mind is acute. (Int +2) [mutagenic meat]
 10174 | D:9      | Gained mutation: One of your tentacles bears a spike. [mutagenic meat]
 11383 | D:10     | Entered Level 10 of the Dungeon
 11383 | D:10     | Found Ofruak's Weapon Emporium.
 11460 | D:10     | Found Gownoehasa's Jewellery Shoppe.
 11482 | D:10     | Bought the ring of Qoughy {rPois Dex+2} for 468 gold pieces
 11594 | D:10     | Noticed a hill giant
 11773 | D:9      | Reached skill level 14 in Stealth
 12014 | D:10     | Found Juanloareny's Assorted Antiques.
 12312 | Lair:1   | Entered Level 1 of the Lair of Beasts
 12317 | Lair:1   | Noticed a seven-headed hydra
 12325 | Lair:1   | Killed a seven-headed hydra
 12325 | Lair:1   | Reached skill level 5 in Fighting
 12589 | Lair:1   | Reached skill level 15 in Stealth
 12642 | Lair:1   | Noticed a spiny frog
 12646 | Lair:1   | Noticed a spiny frog
 12649 | Lair:1   | Killed a spiny frog
 12649 | Lair:1   | Reached XP level 11. HP: 71/71 MP: 11/11
 13129 | Lair:1   | Mangled by a komodo dragon

Skill      XL: |  1  2  3  4  5  6  7  8  9 10 |
---------------+-------------------------------+-----
Stealth        | 6 7 8 9 11 13 15 | 15.6
Short Blades   | 3 5 6 8 9 |  9.3
Throwing       | 3 4 |  4.5
Dodging        | 2 3 4 |  4.5
Fighting       | 3 4 5 |  5.2
Long Blades    | 2 3 |  3.7
Evocations     | |  0.7

Action                   |  1- 3 |  4- 6 |  7- 9 | 10-12 || total
-------------------------+-------+-------+-------+-------++-------
Melee: Dagger            |    59 |    48 |       |       ||   107
       Constrict         |    14 |    26 |    67 |     9 ||   116
       Tentacles         |    10 |    15 |    53 |    14 ||    92
       Short sword       |       |    43 |   263 |    39 ||   345
       Long sword        |       |       |    39 |    51 ||    90
       Kick              |       |       |       |    27 ||    27
 Fire: Blowgun           |       |    34 |    17 |    20 ||    71
Evoke: Rod               |       |       |     1 |     4 ||     5
       Wand              |       |       |       |     2 ||     2
  Use: Scroll            |       |     3 |     7 |     1 ||    11
       Potion            |       |       |     3 |    11 ||    14
 Stab: Sleeping          |    19 |    16 |    27 |    23 ||    85
       Distracted        |       |     1 |     2 |       ||     3
  Eat: Chunk             |     1 |     7 |    22 |    13 ||    43
       Beef jerky        |       |       |       |     2 ||     2
       Royal jelly       |       |       |       |     1 ||     1
Armor: Skin              |     5 |     3 |    14 |       ||    22
Dodge: Dodged            |    16 |    41 |   146 |    61 ||   264
       Rpst.: Long sword |       |       |     9 |    14 ||    23
       Falchion          |       |       |     1 |       ||     1
